Map: Oxide LE

Players

Throwfordays - Winner!

  • Race: Zerg Zerg
  • League: Gold

Meadows

  • Race: Terran Terran
  • League: Silver

VOD

Have the link to the VOD?

Description

Time

  • Played on: June 23, 2021, 3:06 a.m.
  • Length: 13:15
Show
View Real Time Build Order
Export as new Build Order

Throwfordays Zerg - Winner!

Build Orders: Hatch First, Zergling Baneling 

Get SALT Encoding   

  12  0:01  Drone  
  13  0:13  Overlord  
  13  0:17  Drone  
  14  0:32  Drone  
  14  0:33  Drone  
  16  0:50  Hatchery  
  16  0:54  Drone  
  16  0:56  Drone  
  17  1:11  Spawning Pool  
  16  1:15  Drone  
  17  1:18  Drone  
  17  1:21  Drone  
  17  1:25  Extractor  
  18  1:46  Overlord  
  18  1:51  Drone  
  19  2:04  Drone  
  19  2:05  Queen  
  19  2:07  Queen  
  24  2:08  Zergling x4  
  24  2:13  Drone  
  27  2:37  Extractor, Baneling Nest  
  27  2:38  Drone x3  
  27  2:43  Drone  
  29  2:44  Drone  
  30  2:56  Lair  
  30  3:01  Drone x2  
  32  3:07  Zergling x6  
  35  3:17  Metabolic Boost  
  35  3:23  Zergling x2  
  35  3:26  Overlord x2  
  36  3:31  Overlord x2  
  36  3:46  Zergling x4  
  36  3:48  Zergling x4  
  40  3:53  Centrifical Hooks  
  40  3:58  Zergling x2  
  40  4:01  Drone x4  
  45  4:07  Zergling x4  
  45  4:08  Zergling x2  
  40  4:43  Baneling x4  
  41  4:45  Zergling x4  
  41  4:46  Zergling x8  
  41  4:48  Zergling x6  
  41  4:49  Zergling x6  
  41  4:52  Baneling x2  
  52  4:53  Baneling x6  
  52  4:58  Drone  
  53  5:01  Drone  
  54  5:17  Zergling x2  
  55  5:22  Zergling x8  
  55  5:24  Zergling x8  
  55  5:27  Baneling x6  
  55  5:28  Baneling x4  
  63  5:40  Queen  
  65  5:45  Drone x2  
  60  6:24  Zergling x6  
  58  6:26  Zergling x10  
  58  6:27  Zergling x2  
  58  6:32  Spine Crawler  
  59  6:34  Spine Crawler  
  59  6:35  Spine Crawler  
  53  6:50  Queen  
  53  6:51  Zergling x2  
  53  6:52  Zergling x2  
  52  6:59  Zergling x6  
  52  7:02  Spine Crawler  
  52  7:05  Spine Crawler x2  
  41  7:26  Queen  
  32  8:02  Queen  
  34  8:09  Drone x3  
  35  8:22  Baneling x4, Hatchery  
  35  8:23  Baneling  
  21  9:05  Zergling x10  
  26  9:18  Drone x2  
  28  9:33  Zergling x2  
  28  9:38  Drone x3  
  32  9:50  Baneling x4  
  32  9:51  Baneling x6  
  32  9:54  Drone  
  32  9:55  Drone  
  34  10:02  Drone x3  
  37  10:12  Zergling x2  
  37  10:13  Zergling x6  
  41  10:22  Baneling x4  
  35  10:32  Zergling x4  
  37  10:36  Zergling x4  
  38  10:52  Drone  
  38  10:53  Drone x3  
  41  11:21  Hatchery  
  33  11:43  Zergling x12  
  33  11:46  Zergling x2  
  33  11:47  Zergling x16  
  41  11:52  Zergling x2  
  41  11:53  Zergling x2  
  49  12:06  Baneling x6  
  49  12:07  Baneling x5  
  49  12:36  Drone  
  50  12:37  Queen  
Show
View Real Time Build Order
Export as new Build Order

Meadows Terran 

Build Orders:  

Get SALT Encoding   

  12  0:00  SCV  
  13  0:12  SCV  
  14  0:17  Supply Depot  
  14  0:27  Refinery  
  14  0:33  Supply Depot  
  14  0:38  SCV  
  15  0:47  Refinery  
  15  0:51  SCV  
  16  1:03  Barracks  
  16  1:07  SCV  
  17  1:19  SCV  
  18  1:33  SCV  
  18  1:39  Barracks  
  19  1:47  SCV  
  20  1:50  Barracks Tech Lab  
  20  1:59  SCV, Barracks  
  21  2:11  Combat Shield  
  21  2:36  Orbital Command  
  21  2:38  Barracks Reactor  
  21  2:39  Marauder  
  23  2:58  Barracks Reactor  
  23  3:03  Marauder  
  25  3:09  SCV  
  25  3:11  Supply Depot  
  26  3:14  Marine x2  
  28  3:25  Marauder  
  30  3:29  SCV, Concussive Shells  
  30  3:32  Marine  
  32  3:37  Marine  
  32  3:38  Marine x2  
  35  3:41  SCV  
  35  3:43  Supply Depot  
  35  3:48  Marauder  
  38  3:50  Marine  
  39  4:04  Marine x3  
  39  4:05  SCV  
  39  4:09  Marine  
  44  4:10  Marauder  
  44  4:16  Supply Depot  
  46  4:17  SCV  
  47  4:29  SCV  
  38  4:39  Marine x4, Supply Depot  
  38  4:40  Marauder  
  38  4:41  SCV  
  45  4:53  SCV  
  45  4:56  Marine  
  45  4:57  Marine  
  48  5:01  Marauder  
  48  5:03  Supply Depot  
  48  5:05  SCV  
  51  5:08  Factory  
  51  5:11  Stimpack  
  51  5:29  Supply Depot  
  51  5:32  Marine  
  51  5:33  Marine x3  
  51  5:34  Marauder  
  57  5:50  Command Center  
  57  5:54  Supply Depot  
  57  5:56  Marine  
  58  6:01  Marine x2  
  60  6:06  Marine  
  60  6:07  Marine  
  17  7:26  Orbital Command  
  8  7:51  SCV  
  6  7:59  Marine  
  6  8:03  SCV  
  2  8:14  Marine  
  2  8:15  SCV  
  2  8:17  Marine  
  2  8:19  Hellion  
  6  8:28  SCV  
  6  8:32  Marine  
  8  8:35  Marine  
  8  8:40  SCV  
  10  8:52  SCV  
  10  8:53  Marine  
  12  9:04  SCV  
  13  9:11  Marine  
  13  9:16  SCV  
  15  9:36  Supply Depot  
  15  9:58  SCV  
  16  10:06  Supply Depot  
  16  10:08  Factory Reactor  
  16  10:10  SCV  
  17  10:17  Supply Depot  
  17  10:23  Marine  
  17  10:36  SCV  
  17  10:41  Factory  
  18  10:48  SCV  
  19  10:53  Barracks  
  19  11:03  Barracks  
  19  11:06  SCV  
  20  11:11  Refinery  
  20  11:18  SCV  
  20  11:21  Supply Depot  
  19  11:30  SCV  
  14  11:38  Hellion  
  14  11:41  Marine  
  15  11:58  Marine  
  15  11:59  Hellion  
  18  12:06  Engineering Bay  
  18  12:11  Marine  
  19  12:16  Marine  
  19  12:22  Factory Tech Lab  
  20  12:29  Marine  
  21  12:34  Marine  
  20  12:46  Marine  
Tags
 
Matchup
TvZ
Replay Pack
Multiplayer
Add a new tag
Caveats
  • Supply blocks, unpowered buildings, or Contaminate may cause inaccurate times.
  • Supply counts are checked every 10 seconds.